 Dungeon Sprint DCSS version 0.17-a0-1939-ga475588 (webtiles) character file.

11 ololoev the Firebug (level 2, 15/15 HPs)
             Began as a Deep Elf Fire Elementalist on Sept 29, 2015.
             Quit the game in the Dungeon (Sprint II: "The Violet Keep of Menkaure").
             The game lasted 00:00:59 (239 turns).

ololoev the Firebug (Deep Elf Fire Elementalist)     Turns: 239, Time: 00:01:00

Health: 15/15      AC:  2    Str:  5    XL:     2   Next: 13%
Magic:  1/9        EV: 13    Int: 19    God:
Gold:   243        SH:  0    Dex: 15    Spells: 1 memorised, 8 levels left

rFire  . . .     SeeInvis .     (no weapon)
rCold  . . .     Clarity  .     a - +0 robe
rNeg   . . .     SustAt   .     (no shield)
rPois  .         Gourm    .     (no helmet)
rElec  .         Spirit   .     (no cloak)
rCorr  .         Warding  .     (no gloves)
rMut   .         NoTele   +     (no boots)
MR     .....                    (no amulet)
Stlth  ++........               (no ring)
                                (no ring)

@: not resistant to hostile enchantments, unstealthy
A: no striking features
a: no special abilities

Inventory:

Armour
 a - a +0 robe (worn)
Scrolls
 i - a scroll of blinking
Potions
 d - a potion of curing
 e - a potion of heal wounds
 f - a potion of haste
 g - 2 potions of magic
 h - a potion of berserk rage
Books
 b - a book of Flames

   Spells                             Type                      Level
   a - Flame Tongue                   Conjuration/Fire             1
   b - Throw Flame                    Conjuration/Fire             2
   c - Conjure Flame                  Conjuration/Fire             3
   d - Inner Flame                    Hexes/Fire                   3
   e - Sticky Flame                   Conjuration/Fire             4
   f - Fireball                       Conjuration/Fire             5
Comestibles
 c - a bread ration


   Skills:
 - Level 2.4 Dodging
 - Level 2.4 Stealth
 + Level 4.0 Spellcasting
 * Level 3.1 Conjurations
 * Level 4.4 Fire Magic


You had 8 spell levels left. You knew the following spells: Your Spells Type Power Failure Level Hunger a - Flame Tongue Conj/Fire ###.. 3% 1 None You were in the Dungeon. You were not hungry. You visited 1 branch You collected 243 gold pieces. ≈≈≈.........# ≈≈≈≈.##'##..# ≈≈≈ #.#.##.#### ≈ #.##..#....# # ###..####..## #w #'## .##..# #w.##.##B..#..# #$+.<.+# +.t### #w##.##B§.#..@.# #w #+# .##...t..≈≈≈≈ # ... #≈≈.....≈#+# ..#m. ≈≈≈≈≈≈≈..≈#_. ##. .##≈≈≈≈≈≈≈≈.≈#._ ## ##≈≈≈≈≈§≈≈≈≈≈#_. ≈≈≈≈≈≈≈§≈≈§≈#._ ++#≈≈≈≈≈§≈≈≈#_.

Notes
Turn   | Place    | Note
--------------------------------------------------------------
     0 | D        | ololoev the Deep Elf Fire Elementalist began the quest for the Orb.
     0 | D        | Reached XP level 1. HP: 10/10 MP: 6/6
     1 | D        | Noticed a brain worm
     1 | D        | Noticed a brain worm
     1 | D        | Noticed a brain worm
     1 | D        | Noticed a brain worm
     4 | D        | Noticed a siren
     7 | D        | Noticed a boulder beetle
     7 | D        | Noticed a boulder beetle
     7 | D        | Killed Menkaure
    77 | D        | Reached skill level 4 in Fire Magic
   217 | D        | Noticed an orange crystal statue
   221 | D        | Reached XP level 2. HP: 15/15 MP: 5/9
   222 | D        | Noticed a crocodile
   237 | D        | Found an iron altar of Okawaru.
   237 | D        | Found a glowing golden altar of the Shining One.
   238 | D        | Noticed a crocodile
   238 | D        | Found a blossoming altar of Fedhas.
   238 | D        | Found a shadowy altar of Dithmenos.
   238 | D        | Found a sacrificial altar of Ru.
   239 | D        | Quit the game

Dungeon Overview and Level Annotations

Branches:
Dungeon (1/1)

Altars:
Dithmenos
Fedhas
Okawaru
Ru
The Shining One

Annotations:
D exclusion: orange crystal statue


Message History

Press: ? - help, Shift-Dir - straight line, f/p - crocodile
Aim: a crocodile The flame tongue hits the crocodile.
The crocodile is moderately wounded.
The orange crystal statue is engulfed in mutagenic fog.
Casting: Flame Tongue
Confirm with . or Enter, or press ? or * to list all spells.
Aiming: Flame Tongue
Press: ? - help, Shift-Dir - straight line, f/p - crocodile
Aim: a crocodile (moderately wounded)
The flame tongue misses the crocodile.
The crocodile misses you.
The orange crystal statue is engulfed in mutagenic fog.
Casting: Flame Tongue
Confirm with . or Enter, or press ? or * to list all spells.
Aiming: Flame Tongue
Press: ? - help, Shift-Dir - straight line, f/p - crocodile
Aim: a crocodile (moderately wounded)
The flame tongue misses the crocodile.
The crocodile misses you.
Casting: Flame Tongue
Confirm with . or Enter, or press ? or * to list all spells.
Aiming: Flame Tongue
Press: ? - help, Shift-Dir - straight line, f/p - crocodile
Aim: a crocodile (moderately wounded)
The flame tongue hits the crocodile.
The crocodile appears unharmed.
The crocodile is moderately wounded.
The crocodile misses you.
The orange crystal statue is engulfed in mutagenic fog.
Casting: Flame Tongue
Confirm with . or Enter, or press ? or * to list all spells.
Aiming: Flame Tongue
Press: ? - help, Shift-Dir - straight line, f/p - crocodile
Aim: a crocodile (moderately wounded)
The flame tongue hits the crocodile.
The crocodile appears unharmed.
The crocodile is moderately wounded.
The crocodile bites you but does no damage.
All of the chunks of flesh in your inventory have rotted away.
Found an iron altar of Okawaru and a glowing golden altar of the Shining One.
A crocodile comes into view.
Found three altars.
Are you sure you want to abandon this character and quit the game? (Confirm with "yes".)

You could see 2 crocodiles.

Vanquished Creatures
  3 worms (D)
3 creatures vanquished.

Vanquished Creatures (others)
  Menkaure (D)
1 creature vanquished.

Grand Total: 4 creatures vanquished

Action                   || total
-------------------------++-------
 Cast: Flame Tongue      ||    17

Vault maps used:
D:        the_violet_keep_of_menkaure
